 Dungeon Crawl Stone Soup version 0.31-a0-703-gcfe89afef6 (webtiles) character file.

Game seed: 16773875995497606336

407 qw the Shooter (level 6, -3/38 HPs)
             Began as a Gargoyle Hunter on Sept 8, 2023.
             Slain by an ogre
             ... wielding a +0 giant spiked club
              (17 damage)
             ... on level 4 of the Dungeon.
             The game lasted 00:00:54 (2417 turns).

qw the Shooter (Gargoyle Hunter)                    Turns: 2417, Time: 00:00:55

Health: -3/38      AC: 10    Str: 15    XL:     6   Next: 88%
Magic:  6/6        EV: 11    Int:  9    God:
Gold:   165        SH:  0    Dex: 15    Spells: 5/5 levels left

rFire   + . .        Y - +2 shortbow
rCold   . . .        (shield currently unavailable)
rNeg    + . .        f - +0 ring mail
rPois   inf          (helmet restricted)
rElec   +            (no cloak)
rCorr   .            d - +0 pair of gloves
SInv    .            (no boots)
Will    .....        (no amulet)
Stlth   +            a - ring of protection from fire
HPRegen 0.26/turn    (no ring)
MPRegen 0.10/turn

%: no passive effects
@: no status effects
A: sickness immunity, AC +4, negative energy resistance 1, electricity
resistance, torment resistance 1, petrification resistance, antennae 1,
MP-powered wands
a: no special abilities


You were on level 4 of the Dungeon.
You visited 1 branch of the dungeon, and saw 4 of its levels.

You collected 165 gold pieces.


Innate Abilities, Weirdness & Mutations

You are immune to sickness and miasma.
Your stone body is resilient. (AC +4)
You are immune to poison.
You resist negative energy. (rN+)
You are resistant to electric shocks. (rElec)
You are resistant to unholy torment.
You are immune to petrification.
You have a pair of small antennae on your head.
You expend magic power (3 MP) to strengthen your wands.


   Skills:
 - Level 4.1 Fighting
 + Level 7.0 Ranged Weapons
 - Level 1.5 Armour
 - Level 1.5 Dodging
 - Level 1.1 Stealth


You had 5 spell levels left.
You didn't know any spells.
Your spell library was empty.

Inventory:

Hand Weapons
 Y - a +2 shortbow (weapon)
Armour
 d - a +0 pair of gloves (worn)
 f - a +0 ring mail (worn)
Jewellery
 a - a ring of protection from fire (left hand)
Scrolls
 c - a scroll of identify
Potions
 b - a potion of haste {unknown}
 e - a potion of brilliance {unknown}
 g - a potion of mutation
 h - a potion of curing {unknown}

Dungeon Overview and Level Annotations

Branches:
Dungeon (4/15)
 Temple: D:4-7

Altars:

Annotations:
D:3 2 transporters, qw's ghost, weakling GrHu


Message History

The orc wizard mumbles some strange words.
The orc wizard flickers and vanishes!
Deactivating autopickup; reactivate with Ctrl-A.
The orc hits you but does no damage. The adder bites you but does no damage.
You hear a shout!
You shoot an arrow. The arrow misses the adder.
You hear a shout!
The adder barely misses you. The orc hits you but does no damage.
You shoot an arrow. The arrow hits the adder.
The adder is moderately wounded.
The adder closely misses you. The orc hits you but does no damage.
You hear some strange, mumbled words.
A magic dart appears from out of thin air!
The magic dart hits you. The adder bites you.
You shoot an arrow. The arrow barely misses the adder.
The adder closely misses you. The orc hits you with a +0 whip.
Something hits you.
You shoot an arrow. The arrow hits the adder!
You kill the adder!
You hear a shout!
Something hits you but does no damage. The orc hits you but does no damage.
An ogre comes into view. It is wielding a +0 giant spiked club.
You shoot an arrow. The arrow hits the orc!
You kill the orc!
Something hits you but does no damage.
You shoot an arrow. The arrow hits the ogre.
The ogre is lightly wounded.
Something hits you.
The ogre hits you with a +0 giant spiked club!
You hear some strange, mumbled words.
A puff of flame appears from out of thin air!
The puff of flame hits you. You resist.
You shoot an arrow. The arrow hits the ogre.
The ogre is moderately wounded.
The ogre barely misses you. Something hits you but does no damage.
You shoot an arrow. The arrow hits the ogre!
The ogre is severely wounded.
Something hits you.
The ogre hits you with a +0 giant spiked club!
You die...

..# .....# #. #..#
.....# #. #....###.....
#. ..#.....#..# #.
.##.# #.#..#
#####>##.##.###.)..#
S..o...!.##.##....)####
#O{.##/##.##......
#@)###..%.##......
..####..##...#####.....
.............# #.....
........####.# #.....
........# #.# #.....
........# #.# #.....
........# #.# #.....
........# #.# #.....
.###..### .# #.....


You could see an ogre.

Vanquished Creatures
  Sigmund (D:4)
  A bullfrog (D:4)
  A scorpion (D:3)
  An orc wizard (D:4)
  Robin (D:2)
  2 adders
  A worm (D:4)
  2 orcs (D:4)
  6 ball pythons
  3 endoplasms
  2 giant cockroaches
  11 goblins
  5 hobgoblins
  9 jackals
  A quokka (D:1)
  5 bats
  4 frilled lizards
  4 kobolds
  2 rats
62 creatures vanquished.

Notes
Turn   | Place    | Note
-------+----------+-------------------------------------------
     0 | D:1      | qw the Gargoyle Hunter began the quest for the Orb.
     0 | D:1      | Reached XP level 1. HP: 12/12 MP: 1/1
     0 | D:1      | 0 ||| qw: Version: 0.3-a-76-g4403597
     0 | D:1      | 0 ||| qw: Game counter: 1273
     0 | D:1      | 0 ||| qw: Melee chars always use a shield: true
     0 | D:1      | 0 ||| qw: God list: Okawaru
     0 | D:1      | 0 ||| qw: Allow faded altars: false
     0 | D:1      | 0 ||| qw: Do Orc after clearing Dungeon:15 true
     0 | D:1      | 0 ||| qw: Do second Lair branch before Depths: true
     0 | D:1      | 0 ||| qw: Lair rune preference: random
     0 | D:1      | 0 ||| qw: Goals: Normal
     0 | D:1      | 0 ||| PLANNING D:1-11
   109 | D:1      | HP: 1/12 [quokka (4)]
   111 | D:1      | Reached XP level 2. HP: 2/17 MP: 2/2
   835 | D:1      | Reached XP level 3. HP: 21/21 MP: 3/3
   897 | D:1      | Reached skill level 5 in Ranged Weapons
   986 | D:1      | 986 ||| UPGRADING to +0 pair of gloves.
   991 | D:1      | 991 ||| UPGRADING to +0 ring mail.
  1001 | D:1      | 1001 ||| DROPPING +0 leather armour.
  1002 | D:1      | 1002 ||| READING 2 scrolls labelled HILAIM UTULAFI.
  1007 | D:1      | 1007 ||| READING scroll labelled DUMAIXK SEGG.
  1008 | D:1      | 1008 ||| READING scroll labelled ULA KOXZYNK.
  1009 | D:1      | 1009 ||| DROPPING scroll of butterflies.
  1084 | D:2      | Noticed Robin
  1091 | D:2      | Killed Robin
  1092 | D:2      | Reached skill level 1 in Armour
  1095 | D:2      | HP: 4/21 [goblin/+0 club[Robin] (2)]
  1096 | D:2      | 1096 ||| READING scroll of teleportation.
  1229 | D:2      | 1229 ||| READING scroll of enchant weapon.
  1229 | D:2      | 1229 ||| ENCHANTING +1 shortbow.
  1264 | D:2      | Reached XP level 4. HP: 27/27 MP: 4/4
  1498 | D:2      | 1498 ||| UPGRADING to +0 helmet.
  1503 | D:2      | 1503 ||| READING scroll labelled MUUDU EPHOYKKI.
  1504 | D:2      | 1504 ||| READING scroll labelled DYSEMU ZOFFY.
  1505 | D:2      | 1505 ||| DRINKING 2 amethyst potions.
  1505 | D:2      | Gained mutation: You expend magic power (3 MP) to
                  | strengthen your wands. [potion of mutation]
  1505 | D:2      | Gained mutation: You have a pair of small antennae on your
                  | head. [potion of mutation]
  1506 | D:2      | 1506 ||| DROPPING +0 helmet.
  1674 | D:3      | Found a transporter.
  1737 | D:3      | Noticed a scorpion
  1748 | D:3      | Killed a scorpion
  1749 | D:3      | Reached XP level 5. HP: 30/33 MP: 5/5
  1899 | D:3      | 1899 ||| FLEEEEING.
  1900 | D:3      | 1900 ||| FLEEEEING.
  2020 | D:3      | Found a transporter.
  2043 | D:3      | Noticed qw's ghost (weakling GrHu)
  2226 | D:3      | 2226 ||| UPGRADING to ring of protection from fire.
  2283 | D:4      | Noticed Sigmund
  2298 | D:4      | Killed Sigmund
  2299 | D:4      | Reached skill level 6 in Ranged Weapons
  2299 | D:4      | Reached XP level 6. HP: 22/38 MP: 6/6
  2403 | D:4      | 2403 ||| Stepping ~*~*~tactically~*~*~ (retreating).
  2409 | D:4      | Reached skill level 7 in Ranged Weapons
  2417 | D:4      | Slain by an ogre

Levels and vault maps discovered:
D:1:      matt_arrival_refuge, layout_loops_corners, item_on_display_a
D:2:      layout_rooms, uniq_robin
D:3:      layout_basic, gammafunk_ghost_gnarly_gnolls
D:4:      layout_rooms, gammafunk_ghost_smash, serial_shops, shop, uniq_sigmund

Skill      XL: |  1  2  3  4  5  6 |
---------------+-------------------+-----
Ranged Weapons | 5 6 7 |  7.0
Armour         | 1 |  1.5
Fighting       | 4 |  4.1
Dodging        | |  1.5
Stealth        | |  1.1

Action                     |  1- 3 |  4- 6 || total
---------------------------+-------+-------++-------
   Fire: Shortbow          |   114 |   124 ||   238
    Use: Scroll            |     5 |     2 ||     7
         Potion            |       |     1 ||     1
 Armour: Leather armour    |    25 |       ||    25
         Ring mail         |    28 |    88 ||   116
  Dodge: Dodged            |    57 |    70 ||   127

Table legend:
 A = Non-vault XP
 B = Vault XP
 C = Vault XP percentage of total XP
 D = Non-vault monster count
 E = Vault monster count
 F = Vault count percentage of total count
                 A         B        C        D         E       F
            +---------+---------+-------+---------+---------+-------
      Total |     320 |     262 |  45.0 |      53 |       9 |  14.5
            +---------+---------+-------+---------+---------+-------
        D:1 |      39 |       0 |   0.0 |      24 |       0 |   0.0
        D:2 |      19 |      31 |  62.0 |       4 |       8 |  66.7
        D:3 |     108 |       0 |   0.0 |      16 |       0 |   0.0
        D:4 |     154 |     231 |  60.0 |       9 |       1 |  10.0
            +---------+---------+-------+---------+---------+-------
